 Dungeon Crawl Stone Soup version 0.22.1-2-g9c5b331 (webtiles) character file.

32 Yuikono the Magician (level 3, -1/19 HPs)
             Began as a Deep Elf Wizard on Dec 19, 2018.
             Slain by a gnoll
             ... wielding a +0 club
              (6 damage)
             ... on level 1 of the Dungeon.
             The game lasted 00:05:49 (1505 turns).

Yuikono the Magician (Deep Elf Wizard)              Turns: 1505, Time: 00:05:49

Health: -1/19      AC:  1    Str:  4    XL:     3   Next: 10%
Magic:  9/11       EV: 11    Int: 23    God:
Gold:   60         SH:  0    Dex: 13    Spells: 5/12 levels left

rFire    . . .     SeeInvis .   e - +0 dagger
rCold    . . .     Gourm    .   (no shield)
rNeg     . . .     Faith    .   l - -2 leather armour (curse)
rPois    .         Spirit   .   b - +0 hat
rElec    .         Reflect  .   (no cloak)
rCorr    +         Harm     .   (no gloves)
MR       .....                  (no boots)
Stlth    ++........             (no amulet)
HPRegen  0.06/turn              j - ring of resist corrosion
MPRegen  0.12/turn              (no ring)

@: very slightly contaminated
A: no striking features
a: no special abilities


You were on level 1 of the Dungeon.
You were hungry.

You visited 1 branch of the dungeon, and saw 2 of its levels.

You collected 60 gold pieces.

Inventory:

Hand Weapons
 e - a +0 dagger (weapon)
Missiles
 h - 23 poisoned needles
 i - 39 stones (quivered)
Armour
 a - a +0 robe
 b - a +0 hat (worn)
 l - a cursed -2 leather armour (worn)
Jewellery
 j - a ring of resist corrosion (left hand)
Scrolls
 c - a scroll of blinking {unknown}
Potions
 g - a potion of might {unknown}
Comestibles
 d - 3 rations


   Skills:
 - Level 2.4 Dodging
 - Level 2.4 Stealth
 + Level 5.1 Spellcasting
 + Level 2.3 Conjurations
 + Level 1.2 Hexes
 - Level 1.1 Summonings
 - Level 1.1 Translocations


You had 5 spell levels left.
You knew the following spells:

 Your Spells              Type           Power        Failure   Level  Hunger
a - Magic Dart            Conj           ###.         6%          1    None
b - Blink                 Tloc           N/A          16%         2    None
c - Call Imp              Summ           ##......     16%         2    None
d - Slow                  Hex            ##......     16%         2    None

Your spell library contained the following spells:

 Spells                   Type           Power        Failure   Level  Hunger
 Conjure Flame            Conj/Fire      ##......     30%         3    ##.....
 Mephitic Cloud           Conj/Pois/Air  #.......     36%         3    ##.....


Dungeon Overview and Level Annotations

Branches:
Dungeon (2/15)

Altars:
Gozag
Qazlal


Message History

Nothing appears to happen.
You hit the goblin but do no damage. You barely miss the goblin.
The goblin misses you.
You hit the goblin.
The goblin is severely wounded.
The goblin closely misses you.
Found a lumpy black potion.
There is an escape hatch in the ceiling here.
You hit the goblin but do no damage.
The goblin is severely wounded.
The goblin closely misses you.
You hit the goblin but do no damage.
The goblin is severely wounded.
The goblin hits you with a club. The gnoll hits you with a club.
* * * LOW HITPOINT WARNING * * *
The goblin hits you but does no damage. The gnoll barely misses you.
A mysterious force pulls you upwards. The hatch slams shut behind you.
The gnoll hits you with a club.
You die...

######### ############.......##
#..........#.........
#..........#......... ####
#....g.....#......... ...#
########...@g.....#######... ##.#
#.......##...#........# #...
##.###>.......+...+........# ###+
##.......###.##...#........###...
....##.#.# #......#.........##.##
..#.##.#.###.....##.........##...
..#.##.#.........#........#......
..#.##.#####.....#........######.
#.#.##...........#........# ##


You could see a gnoll and a goblin.

Vanquished Creatures
  A dart slug (D:1)
  3 leopard geckos (D:1)
  A ball python (D:1)
  6 goblins
  2 hobgoblins (D:1)
  4 jackals (D:1)
  A kobold (D:1)
  2 bats (D:1)
  3 frilled lizards
  A rat (D:1)
24 creatures vanquished.

Notes
Turn   | Place    | Note
-------+----------+-------------------------------------------
     0 | D:1      | Yuikono the Deep Elf Wizard began the quest for the Orb.
     0 | D:1      | Reached XP level 1. HP: 10/10 MP: 7/7
   121 | D:1      | Reached XP level 2. HP: 15/15 MP: 5/9
   326 | D:1      | Learned a level 2 spell: Blink
   329 | D:1      | Learned a level 2 spell: Call Imp
   332 | D:1      | Learned a level 2 spell: Slow
   560 | D:1      | Reached skill level 5 in Spellcasting
  1130 | D:1      | Reached skill level 1 in Hexes
  1308 | D:1      | Reached XP level 3. HP: 19/19 MP: 7/11
  1386 | D:2      | Noticed an earth elemental
  1387 | D:2      | Found a stormy altar of Qazlal.
  1413 | D:2      | Noticed a water elemental
  1414 | D:2      | Noticed an air elemental
  1414 | D:2      | Noticed a fire elemental
  1444 | D:2      | Found an opulent altar of Gozag.
  1505 | D:1      | Slain by a gnoll

Skill      XL: |  1  2 |
---------------+-------+-----
Conjurations   | 2 |  2.3
Spellcasting   | 5 |  5.1
Hexes          | 1 |  1.2
Dodging        | |  2.4
Stealth        | |  2.4
Summonings     | |  1.1
Translocations | |  1.1

Action                   || total
-------------------------++-------
Melee: Unarmed           ||     4
       Dagger            ||    78
 Cast: Magic Dart        ||    35
  Use: Scroll            ||     2
 Stab: Sleeping          ||     3
  Eat: Chunk             ||     1
Armor: Robe              ||    16
Dodge: Dodged            ||    73
